[Event "Maria Albulet Memorial 2017"]
[Site "Braila"]
[Date "2017.10.10"]
[Round "5"]
[White "Makropoulou, Marina"]
[Black "Babiy, Olga"]
[Result "1/2-1/2"]
[ECO "B49"]
[WhiteElo "2136"]
[BlackElo "2317"]
[Annotator "ChessBase"]
[PlyCount "168"]
[EventDate "2017.??.??"]
[EventCountry "ROU"]
[SourceTitle "playchess.com"]
[Source "ChessBase"]
[SourceQuality "1"]
[TimeControl "40/5400+30:900+30"]

1. e4 c5 2. Nf3 e6 3. d4 cxd4 4. Nxd4 Nc6 5. Nc3 Qc7 6. Be2 a6 7. Be3 Nf6 8. O-O Bb4 9. Na4 Be7 10. Nxc6 bxc6 11. Nb6 Rb8 12. Nxc8 Qxc8 13. Bd4 c5 14. Be5 Rb6 15. b3 O-O 16. Qd3 d6 17. Bb2 Nd7 18. Rad1 Bf6 19. Bc1 Rd8 20. Bd2 Ne5 21. Qg3 Nc6 22. Kh1 Rd7 23. c3 Qd8 24. f4 d5 25. e5 Bh4 26. Qh3 g6 27. Bc1 Be7 28. Qf3 a5 29. Qf2 Qb8 30. Bd3 Qa7 31. Bc2 Bf8 32. Rd3 Rbb7 33. Rh3 Qa6 34. Bd3 c4 35. bxc4 dxc4 36. Be4 Bg7 37. Qh4 h6 38. f5 exf5 39. Bxh6 Bxe5 40. Bxf5 Rd6 41. Bf4 Qb5 42. Qh7+ Kf8 43. Bh6+ Ke7 44. Bxg6 Kd8 45. Bg5+ Kc7 46. Qxf7+ Kb6 47. Qf2+ Ka6 48. Be4 a4 49. Rf3 a3 50. h4 Qa5 51. Qe3 Rg7 52. Rf5 Qxc3 53. Bxc6 Qxe3 54. Bxe3 Bd4 55. Bxd4 Rxd4 56. Bf3 Rxh4+ 57. Kg1 Rc7 58. Rc1 Rd4 59. Be2 Kb6 60. Rc2 c3 61. Kf2 Rb4 62. Rf3 Rb2 63. Rcxc3 Rxc3 64. Rxc3 Rxa2 65. g4 Ka5 66. g5 Kb4 67. Rc4+ Kb3 68. Rc8 Rd2 69. Rb8+ Kc3 70. Ra8 Kb2 71. g6 Rd6 72. g7 Rg6 73. Rb8+ Kc3 74. Rc8+ Kb2 75. Rb8+ Kc3 76. g8=Q Rxg8 77. Rxg8 a2 78. Ra8 Kb2 79. Rb8+ Kc3 80. Ra8 Kb2 81. Rb8+ Kc3 82. Ra8 Kb2 83. Rb8+ Kc3 84. Ra8 Kb2 1/2-1/2

[Event "Maria Albulet Memorial 2017"]
[Site "Braila"]
[Date "2017.10.10"]
[Round "5"]
[White "Cosman, Andreea-Marioara"]
[Black "Rakhmangulova, Anastasiya"]
[Result "1-0"]
[ECO "A59"]
[WhiteElo "2125"]
[BlackElo "2242"]
[Annotator "ChessBase"]
[PlyCount "95"]
[EventDate "2017.??.??"]
[EventCountry "ROU"]
[SourceTitle "playchess.com"]
[Source "ChessBase"]
[SourceQuality "1"]
[TimeControl "40/5400+30:900+30"]

1. d4 Nf6 2. c4 c5 3. d5 b5 4. cxb5 a6 5. bxa6 d6 6. Nc3 Bxa6 7. e4 Bxf1 8. Kxf1 g6 9. Nf3 Bg7 10. g3 O-O 11. Kg2 Nbd7 12. Qe2 Qb6 13. a4 Qa6 14. Nb5 e6 15. dxe6 fxe6 16. Bf4 d5 17. exd5 exd5 18. Qc2 Ne4 19. Nc7 Qc6 20. Rhd1 d4 21. Nxa8 g5 22. Re1 Ndf6 23. Ne5 Qxa8 24. f3 gxf4 25. fxe4 Kh8 26. gxf4 Nh5 27. Nd3 Nxf4+ 28. Nxf4 Rxf4 29. Ra3 d3 30. Qxd3 Bd4 31. Kh1 Qg8 32. a5 Rf2 33. Qg3 Qf8 34. Raa1 Qa8 35. a6 Rxb2 36. a7 Rb7 37. Qd6 Bxa1 38. Rxa1 Rb1+ 39. Rxb1 Qxe4+ 40. Kg1 Qxb1+ 41. Kf2 Qa2+ 42. Kf3 Qa3+ 43. Kf4 Qc1+ 44. Kf5 Qc2+ 45. Ke6 Qa2+ 46. Kf6 Qf2+ 47. Ke7 Kg7 48. Qg3+ 1-0

[Event "Maria Albulet Memorial 2017"]
[Site "Braila"]
[Date "2017.10.10"]
[Round "5"]
[White "Djukic, Sandra"]
[Black "Andres, Marina-Corina"]
[Result "1-0"]
[ECO "D58"]
[WhiteElo "2084"]
[BlackElo "1581"]
[Annotator "NA"]
[PlyCount "61"]
[EventDate "2017.??.??"]
[EventCountry "ROU"]
[SourceTitle "playchess.com"]
[Source "ChessBase"]
[SourceQuality "1"]
[TimeControl "40/5400+30:900+30"]

1. d4 d5 2. c4 e6 3. Nf3 Be7 4. Nc3 Nf6 5. Bg5 h6 6. Bh4 O-O 7. e3 b6 8. Qb3 dxc4 9. Bxc4 Ba6 10. O-O Bxc4 11. Qxc4 $14 c5 12. dxc5 Bxc5 13. Rad1 Qc8 14. Bxf6 gxf6 15. Qg4+ Kh8 16. Qh4 Kg7 17. Ne4 Nd7 18. Ng3 Be7 19. Rd4 Qe8 20. Qh5 f5 21. Nh4 Bxh4 22. Rxh4 Rh8 23. Qd1 Nf6 24. Qd4 Rd8 25. Nh5+ Kf8 26. Qxf6 Rh7 27. Nf4 Kg8 28. Rh3 Qf8 29. Rg3+ Rg7 30. Rxg7+ Qxg7 31. Qxd8+ 1-0

[Event "Maria Albulet Memorial 2017"]
[Site "Braila"]
[Date "2017.10.10"]
[Round "5"]
[White "Didiliuc, Dariana-Gabriela"]
[Black "Aciu, Malina-Andreea"]
[Result "0-1"]
[ECO "D26"]
[WhiteElo "1779"]
[BlackElo "2006"]
[Annotator "NA"]
[PlyCount "86"]
[EventDate "2017.??.??"]
[EventCountry "ROU"]
[SourceTitle "playchess.com"]
[Source "ChessBase"]
[SourceQuality "1"]
[TimeControl "40/5400+30:900+30"]

1. d4 d5 2. c4 dxc4 3. Nf3 Nf6 4. e3 e6 5. Bxc4 a6 6. a4 b6 7. O-O Bb7 8. Bd2 Nbd7 9. Bc3 $11 c5 10. Nbd2 Be7 11. Qe2 O-O 12. e4 cxd4 13. Bxd4 Nc5 14. e5 Nd5 15. Bxc5 Bxc5 16. Ne4 Nf4 17. Qc2 h6 18. Rfd1 Qc7 19. Bf1 Bxf2+ 20. Qxf2 Bxe4 21. Rd4 Bxf3 22. Qxf3 Ng6 23. Re1 Nxe5 24. Qg3 f6 25. Kh1 Rad8 26. Rh4 Kh7 27. Bxa6 Qc2 28. Rb4 Rd1 29. Bf1 Rfd8 30. Rf4 R8d3 31. Bxd3+ Nxd3 32. Ref1 Nxf4 33. Qxf4 Rxf1+ 34. Qxf1 Qxb2 35. Qd3+ f5 36. Qd1 e5 37. h3 e4 38. Qd5 Qc1+ 39. Kh2 Qf4+ 40. Kg1 e3 41. Qa2 Qd4 42. Kh2 Qe5+ 43. Kg1 e2 0-1

[Event "Maria Albulet Memorial 2017"]
[Site "Braila"]
[Date "2017.10.10"]
[Round "5"]
[White "Popa, Catalina-Elena"]
[Black "Patru, Alexandra-Ioana"]
[Result "1-0"]
[ECO "C47"]
[WhiteElo "1731"]
[BlackElo "1623"]
[Annotator "NA"]
[PlyCount "69"]
[EventDate "2017.??.??"]
[EventCountry "ROU"]
[SourceTitle "playchess.com"]
[Source "ChessBase"]
[SourceQuality "1"]
[TimeControl "40/5400+30:900+30"]

1. e4 e5 2. Nf3 Nc6 3. Nc3 Nf6 4. a3 a6 5. d4 exd4 6. Nxd4 d6 7. Be2 Be7 8. Be3 O-O 9. Qd2 Nxd4 10. Bxd4 b5 11. O-O-O Bb7 12. f3 Nd7 13. Nd5 Bxd5 14. exd5 Bf6 15. Be3 Qb8 16. g4 g6 17. h4 a5 18. g5 Bh8 19. h5 b4 20. a4 b3 21. c3 Qe8 22. Bb5 Qc8 23. f4 Re8 24. Bd4 Re4 25. Bxh8 Kxh8 26. hxg6 fxg6 27. Bd3 Rxa4 28. Bxg6 Nf8 29. Bb1 Ra1 30. Qd3 Qg4 31. Qe4 Rxb1+ 32. Kxb1 a4 33. Rdg1 Qd7 34. g6 a3 35. Qd4+ {[%emt 0:04:30] Qd8} 1-0

[Event "Maria Albulet Memorial 2017"]
[Site "Braila"]
[Date "2017.10.10"]
[Round "5"]
[White "Vorniceanu, Alina"]
[Black "Coman, Ana-Cristina"]
[Result "1-0"]
[ECO "C54"]
[WhiteElo "1498"]
[BlackElo "1454"]
[Annotator "NA"]
[PlyCount "157"]
[EventDate "2017.??.??"]
[EventCountry "ROU"]
[SourceTitle "playchess.com"]
[Source "ChessBase"]
[SourceQuality "1"]
[TimeControl "40/5400+30:900+30"]

1. e4 e5 2. Nf3 Nc6 3. Bc4 Bc5 4. c3 Nf6 5. d3 h6 6. h3 O-O 7. O-O d6 8. Bb3 Be6 9. Bc2 Nh7 10. d4 Bc4 11. dxc5 Bxf1 12. Qxf1 dxc5 13. Be3 Qd6 14. Nbd2 a6 15. Rd1 Qe7 16. Qc4 b6 17. Qd5 Qe8 18. Qd3 Qe7 19. Qd5 Qe8 20. Qc4 Nf6 21. Qe2 Qe7 22. Qc4 Rfd8 23. Nh4 Kh7 24. Nf5 Qe8 25. Qe2 Rd7 26. Qf3 Ng8 27. Qg4 f6 28. Nh4 Rad8 29. Bb3 Qe7 30. Be6 g5 31. Bf5+ Kg7 32. Bxd7 Qxd7 33. Qxd7+ Rxd7 34. Nf5+ Kg6 35. h4 Nd8 36. hxg5 hxg5 37. g3 Ne6 38. Kg2 c6 39. Rh1 Nc7 40. Rh8 Kf7 41. Kf3 Ne8 42. Rh7+ Ke6 43. Rh8 Kf7 44. Rh7+ Ke6 45. Rxd7 Kxd7 46. Nc4 b5 47. Nb6+ Kc7 48. Bxc5 a5 49. a4 Kd8 50. axb5 cxb5 51. Nd5 Kd7 52. Ke3 Kc6 53. Ba3 Nc7 54. Nxc7 Kxc7 55. Bd6+ Kc6 56. Bf8 Kd7 57. Kd3 Ke8 58. Bc5 Kd7 59. b3 Kc6 60. Bf8 Kd7 61. c4 b4 62. f3 Ke8 63. Bc5 Kd7 64. Bb6 Ne7 65. Nxe7 Kxe7 66. Bxa5 Kd7 67. Bxb4 Kc6 68. Be7 Kd7 69. Bxf6 Ke6 70. Bxg5 Kd7 71. b4 Kc6 72. b5+ Kc5 73. Ke2 Kb6 74. Be3+ Kc7 75. c5 Kb7 76. c6+ Kc7 77. Ba7 Kc8 78. b6 Kd8 79. b7 1-0

[Event "Maria Albulet Memorial 2017"]
[Site "Braila"]
[Date "2017.10.11"]
[Round "6"]
[White "Babiy, Olga"]
[Black "Cosman, Andreea-Marioara"]
[Result "1-0"]
[ECO "B96"]
[WhiteElo "2317"]
[BlackElo "2125"]
[Annotator "NA"]
[PlyCount "53"]
[EventDate "2017.??.??"]
[EventCountry "ROU"]
[SourceTitle "playchess.com"]
[Source "ChessBase"]
[SourceQuality "1"]
[TimeControl "40/5400+30:900+30"]

1. e4 c5 2. Nf3 d6 3. d4 cxd4 4. Nxd4 Nf6 5. Nc3 a6 6. Bg5 e6 7. f4 h6 8. Bh4 Qb6 9. Qd3 {[%emt 0:06:44] LiveBook: 36 Games} Qxb2 10. Rb1 Qa3 11. Be2 Qa5 12. O-O Be7 13. f5 O-O $11 14. fxe6 fxe6 15. Bg4 Nxg4 16. Bxe7 Rxf1+ 17. Rxf1 Ne5 18. Qg3 Qc7 19. Bf8 Kh7 20. Nce2 Nbc6 21. c3 b5 22. Nxc6 Nxc6 23. Bxd6 Qb6+ 24. Kh1 Ra7 25. Nf4 g5 26. Nh5 a5 27. e5 1-0

[Event "Maria Albulet Memorial 2017"]
[Site "Braila"]
[Date "2017.10.11"]
[Round "6"]
[White "Rakhmangulova, Anastasiya"]
[Black "Miladinovic, Lena"]
[Result "1/2-1/2"]
[ECO "B47"]
[WhiteElo "2242"]
[BlackElo "2138"]
[Annotator "NA"]
[PlyCount "80"]
[EventDate "2017.??.??"]
[EventCountry "ROU"]
[SourceTitle "playchess.com"]
[Source "ChessBase"]
[SourceQuality "1"]
[TimeControl "40/5400+30:900+30"]

1. e4 c5 2. Nf3 e6 3. d4 cxd4 4. Nxd4 Nc6 5. Nc3 Qc7 6. Ndb5 Qb8 7. Be3 a6 8. Bb6 axb5 9. Nxb5 Bb4+ 10. c3 Ba5 {[%emt 0:00:15] B47: Sicilian: Taimanov: 5 Nc3 Qc7 6 f4, 6 g3 and 6 Be2} 11. Nc7+ {[%emt 0:00:02] [#]} Qxc7 $1 12. Bxc7 Bxc7 13. Qg4 Be5 14. f4 Nf6 15. Qf3 Bc7 16. e5 Nd5 17. Bc4 d6 (17... Nce7 $11) 18. exd6 $146 ({Predecessor:} 18. Bxd5 exd5 19. exd6 Bxd6 {0-1 (28) Martinez de Negri,A (2142)-Krysa,L (2469) Buenos Aires 2015}) 18... Bxd6 19. g3 O-O 20. O-O-O $11 Bc7 21. Rhe1 Nce7 22. a3 Ra5 23. Bd3 b5 24. Qe4 Nf6 25. Qe2 Bd7 26. Bxh7+ Kxh7 27. Rxd7 Nxd7 28. Qd3+ Kg8 29. Qxd7 Bd8 30. Kb1 Nd5 31. f5 Nf6 32. Qb7 exf5 33. Ka2 Ne4 34. g4 Bf6 35. gxf5 Nxc3+ 36. bxc3 Rfa8 37. Kb2 Rxa3 38. Re8+ Rxe8 39. Kxa3 Re3 40. Qxb5 Rxc3+ 1/2-1/2

[Event "Maria Albulet Memorial 2017"]
[Site "Braila"]
[Date "2017.10.11"]
[Round "6"]
[White "Aciu, Malina-Andreea"]
[Black "Petrenko, Svetlana"]
[Result "0-1"]
[ECO "B07"]
[WhiteElo "2006"]
[BlackElo "2140"]
[Annotator "NA"]
[PlyCount "120"]
[EventDate "2017.??.??"]
[EventCountry "ROU"]
[SourceTitle "playchess.com"]
[Source "ChessBase"]
[SourceQuality "1"]
[TimeControl "40/5400+30:900+30"]

1. e4 d6 2. d4 Nf6 3. Nc3 g6 4. Be3 Bg7 5. Qd2 Ng4 6. Bg5 {[%emt 0:01:12] LiveBook: 100 Partien} h6 7. Bh4 g5 8. Bg3 e5 9. dxe5 {[%emt 0:08:26] B07: Pirc-Ufimzew-Verteidigung} (9. Nf3 exd4 10. Nxd4 Nc6 11. Bb5 Bd7 12. Nf5 Bxf5 13. exf5 O-O 14. h4 Nd4 15. Bd3 Re8+ 16. Kf1 Qd7 17. hxg5 Nxf5 18. Bxf5 Qxf5 19. gxh6 {1-0 (29) Plenca,J (2412)-Vujakovic,B (2360) Sibenik 2016}) 9... Nxe5 10. O-O-O Be6 11. h4 g4 12. Bxe5 $146 ({White should try Vorgänger:} 12. f4 $16 gxf3 13. Nxf3 (13. gxf3 Nbc6 14. Bb5 a6 15. Bxe5 Bxe5 16. Bxc6+ bxc6 {1-0 (76) Mester,A (2122)-Palla,G (2082) Hungary 2012})) 12... Bxe5 13. f4 gxf3 14. Nxf3 Nd7 15. Nxe5 dxe5 16. Be2 c6 17. Qd6 Qb8 18. Qd2 Qc7 19. Qe3 Qb6 20. Qxb6 Nxb6 21. g4 Ke7 22. b3 Rag8 23. Rdg1 Nd7 24. Nd1 Nf6 25. Nf2 Ne8 26. Nd1 Nd6 27. Bf3 f6 28. Ne3 b5 29. c3 a5 30. Kb2 a4 31. Rd1 Ra8 32. Rhg1 Ra6 33. Nc2 c5 34. Be2 axb3 35. axb3 Rha8 36. Ra1 Rxa1 37. Nxa1 Nxe4 38. Bxb5 Rg8 39. Nc2 Rxg4 40. Rxg4 Bxg4 41. Ne3 Be6 42. Bc6 Nf2 43. Kc2 f5 44. b4 f4 45. Nf1 Kd6 46. Ba8 c4 47. Nd2 Bf5+ 48. Kc1 Bd3 49. h5 e4 50. b5 Kc5 51. Bc6 Be2 $2 (51... Kb6 52. Ba8 Kxb5) 52. Nxe4+ $2 (52. Bxe4 {is the only way for White.} Bxh5 53. b6 Kxb6 54. Nxc4+ Kc5 55. Nd2) 52... Nxe4 53. Bxe4 Bxh5 54. Bc6 f3 55. Kd2 f2 56. Bg2 Kxb5 57. Bf1 Bg6 58. Ke3 Bd3 59. Bxd3 cxd3 60. Kxf2 Kc4 0-1

[Event "Maria Albulet Memorial 2017"]
[Site "Braila"]
[Date "2017.10.11"]
[Round "6"]
[White "Nastase, Andreea-Cristina"]
[Black "Makropoulou, Marina"]
[Result "0-1"]
[ECO "D31"]
[WhiteElo "1989"]
[BlackElo "2136"]
[Annotator "NA"]
[PlyCount "70"]
[EventDate "2017.??.??"]
[EventCountry "ROU"]
[SourceTitle "playchess.com"]
[Source "ChessBase"]
[SourceQuality "1"]
[TimeControl "40/5400+30:900+30"]

1. d4 d5 2. c4 e6 3. Nc3 c6 4. cxd5 exd5 5. Nf3 Nf6 6. Bg5 Be7 7. e3 Bf5 8. Bd3 Bxd3 9. Qxd3 {[%emt 0:00:05] LiveBook: 431 Games} Nbd7 10. O-O O-O 11. Rfd1 Ne4 12. Bf4 f5 $11 13. Rab1 a5 14. a3 Qe8 15. Ne5 Bd6 16. Nxd7 Qxd7 17. Bxd6 Nxd6 18. b4 axb4 19. axb4 b5 20. Ra1 Nc4 21. Qf1 Qe7 22. Rxa8 Rxa8 23. Ra1 Re8 24. Na2 h6 25. h3 Ra8 26. Qb1 Qe4 27. Qe1 Qe7 28. Qb1 Qe4 29. Qe1 Qc2 30. Nc3 Rxa1 31. Qxa1 Kh7 32. g4 Nd2 33. Kg2 f4 34. Kh1 fxe3 35. fxe3 Qd3 0-1

[Event "Maria Albulet Memorial 2017"]
[Site "Braila"]
[Date "2017.10.11"]
[Round "6"]
[White "Patru, Alexandra-Ioana"]
[Black "Didiliuc, Dariana-Gabriela"]
[Result "0-1"]
[ECO "E63"]
[WhiteElo "1623"]
[BlackElo "1779"]
[Annotator "NA"]
[PlyCount "84"]
[EventDate "2017.??.??"]
[EventCountry "ROU"]
[SourceTitle "playchess.com"]
[Source "ChessBase"]
[SourceQuality "1"]
[TimeControl "40/5400+30:900+30"]

1. d4 Nf6 2. Nf3 g6 3. c4 Bg7 4. Nc3 O-O 5. g3 d6 6. Bg2 Nc6 7. O-O a6 8. h3 Rb8 9. e4 b5 10. Qd3 Nb4 11. Qe2 bxc4 12. Qxc4 Nxe4 13. Qe2 Nf6 14. a3 Nbd5 15. Nd2 Bb7 16. Nc4 Qd7 17. Qc2 Nxc3 18. Qxc3 Bxg2 19. Kxg2 Nd5 20. Qd3 Qb5 21. a4 Qc6 22. f3 Rb4 23. Ne3 Rxd4 24. Qb3 e6 25. Nxd5 Rxd5 26. Be3 Qa8 27. Qc2 c5 28. Rad1 Rb8 29. b3 Qb7 30. Rb1 Qb4 31. Rfd1 Rxd1 32. Qxd1 d5 33. Bd2 Bc3 34. Bxc3 Qxc3 35. h4 Qb4 36. Qe2 c4 37. Qd1 cxb3 38. Rb2 Qxa4 39. Qc1 Qb4 40. Qc7 a5 41. Qc1 a4 42. Rb1 a3 0-1

[Event "Maria Albulet Memorial 2017"]
[Site "Braila"]
[Date "2017.10.11"]
[Round "6"]
[White "Andres, Marina-Corina"]
[Black "Popa, Catalina-Elena"]
[Result "1/2-1/2"]
[ECO "B13"]
[WhiteElo "1581"]
[BlackElo "1731"]
[Annotator "NA"]
[PlyCount "146"]
[EventDate "2017.??.??"]
[EventCountry "ROU"]
[SourceTitle "playchess.com"]
[Source "ChessBase"]
[SourceQuality "1"]
[TimeControl "40/5400+30:900+30"]

1. e4 c6 2. d4 d5 3. exd5 cxd5 4. Bd3 Nc6 5. c3 Qc7 6. Ne2 Bg4 7. f3 Bd7 8. Bf4 e5 9. Bg3 Bd6 10. Bc2 Nge7 11. Nd2 Nf5 12. Bxf5 Bxf5 13. dxe5 Bxe5 14. Bxe5 Nxe5 15. Qa4+ Qc6 16. Qxc6+ bxc6 17. Nd4 Bd7 18. b4 Nd3+ 19. Ke2 Nf4+ 20. Kf2 O-O 21. N2b3 Nd3+ 22. Kg3 c5 23. Nxc5 Nxc5 24. bxc5 Rfc8 25. c6 Bxc6 26. Nxc6 Rxc6 27. Rhd1 Rd8 28. Rac1 Kf8 29. Rd4 Ra6 30. Rc2 Ke7 31. Rb4 Rd7 32. a4 Rc6 33. Rh4 h6 34. Rd4 Rc5 35. Rcd2 Kd6 36. c4 Kc6 37. cxd5+ Rdxd5 38. Rxd5 Rxd5 39. Re2 Rd7 40. Re4 Rb7 41. Rf4 Kd5 42. Rg4 g5 43. Re4 f5 44. Re8 f4+ 45. Kg4 Rb4 46. Kh5 Rb6 47. Rh8 Kc4 48. Rxh6 Rb2 49. Kxg5 Rxg2+ 50. Kxf4 a5 51. Kf5 Rf2 52. Rh4+ Kb3 53. Kg4 Rg2+ 54. Kh3 Ra2 55. Rh8 Rxa4 56. Ra8 Ra1 57. f4 a4 58. f5 Rf1 59. Rb8+ Ka2 60. Kg4 a3 61. h4 Ka1 62. Kg5 Rg1+ 63. Kf6 Rh1 64. Kg5 Rg1+ 65. Kf6 Rh1 66. Rb4 a2 67. Kf7 Rh2 68. f6 Rf2 69. Rb6 Rh2 70. Rb4 Rf2 71. Rb6 Rh2 72. Ke7 Rxh4 73. f7 Rh7 1/2-1/2

[Event "Maria Albulet Memorial 2017"]
[Site "Braila"]
[Date "2017.10.11"]
[Round "6"]
[White "Uzuneanu, Gabriela"]
[Black "Coman, Ana-Cristina"]
[Result "1/2-1/2"]
[ECO "C68"]
[WhiteElo "1564"]
[BlackElo "1454"]
[Annotator "NA"]
[PlyCount "118"]
[EventDate "2017.??.??"]
[EventCountry "ROU"]
[SourceTitle "playchess.com"]
[Source "ChessBase"]
[SourceQuality "1"]
[TimeControl "40/5400+30:900+30"]

1. e4 e5 2. Nf3 Nc6 3. Bb5 a6 4. Bxc6 dxc6 5. d4 exd4 6. Qxd4 Qxd4 7. Nxd4 Bd7 8. Be3 O-O-O 9. Nd2 g6 10. N4b3 Bd6 11. Bd4 f6 12. O-O-O Re8 13. Nc5 Bxc5 14. Bxc5 Nh6 15. f3 Re6 16. Rhe1 Rhe8 17. Bf2 f5 18. Bg3 Nf7 19. Nb3 b6 20. Nd4 R6e7 21. exf5 Rxe1 22. Rxe1 Rxe1+ 23. Bxe1 gxf5 24. Kd2 c5 25. Ne2 Nd6 26. Bf2 Kd8 27. Nf4 c6 28. Nh5 Be8 29. Nf4 Ke7 30. Bh4+ Kf7 31. Nh5 Kg6 32. Nf4+ Kf7 33. Nh5 Kg6 34. Nf6 Bf7 35. Nd7 Bxa2 36. Nxb6 Nc4+ 37. Nxc4 Bxc4 38. Bf2 Bf1 39. g3 c4 40. Ke3 Bg2 41. Be1 Kf6 42. Bc3+ Ke6 43. g4 fxg4 44. fxg4 Kd5 45. Bg7 Be4 46. c3 Bd3 47. Kf4 Ke6 48. h4 Bc2 49. g5 Kf7 50. Bh8 Kg6 51. Bf6 a5 52. Ke5 a4 53. Kd4 Bb3 54. Kc5 h6 55. Kxc6 hxg5 56. hxg5 Bc2 57. Kd6 Bb3 58. Ke5 Bc2 59. Kf4 Bb3 1/2-1/2

[Event "Maria Albulet Memorial 2017"]
[Site "Braila"]
[Date "2017.10.11"]
[Round "6"]
[White "Vorniceanu, Alina"]
[Black "Djukic, Sandra"]
[Result "0-1"]
[ECO "B24"]
[WhiteElo "1498"]
[BlackElo "2084"]
[Annotator "NA"]
[PlyCount "104"]
[EventDate "2017.??.??"]
[EventCountry "ROU"]
[SourceTitle "playchess.com"]
[Source "ChessBase"]
[SourceQuality "1"]
[TimeControl "40/5400+30:900+30"]

1. e4 c5 2. Nc3 Nc6 3. g3 g6 4. Bg2 Bg7 5. f4 d6 6. Nf3 b6 7. d3 Bb7 8. O-O Qd7 9. Rb1 Nh6 10. h3 e6 11. Be3 f5 12. Qd2 O-O $15 13. Bf2 Rae8 14. exf5 Nxf5 15. Ne2 Kh8 16. c3 e5 17. g4 Nh6 18. fxe5 Rxf3 19. Bxf3 Nxe5 20. Be3 Nxf3+ 21. Rxf3 Bxf3 22. Rf1 Bxe2 23. Qxe2 Nf7 24. Qf2 Ne5 25. d4 Nc6 26. dxc5 bxc5 27. Bg5 Qe6 28. Qf7 Qxf7 29. Rxf7 Ne5 30. Rf2 h6 31. Bf6 Nd3 32. Bxg7+ Kxg7 33. Rd2 c4 34. b4 Re1+ 35. Kg2 Rc1 36. a4 Rxc3 37. b5 Rb3 38. Kf1 Ra3 39. Ke2 Rxa4 40. Ke3 d5 41. h4 Ra5 42. Kd4 Rxb5 43. h5 Kf6 44. hxg6 Kxg6 45. g5 hxg5 46. Rg2 Nf4 47. Ra2 a5 48. Rd2 Ne6+ 49. Kc3 Rb3+ 50. Kc2 d4 51. Rg2 d3+ 52. Kd2 Rb2+ 0-1

[Event "Maria Albulet Memorial 2017"]
[Site "Braila"]
[Date "2017.10.12"]
[Round "7"]
[White "Petrenko, Svetlana"]
[Black "Doluhanova, Evgeniya"]
[Result "0-1"]
[ECO "A46"]
[WhiteElo "2140"]
[BlackElo "2328"]
[Annotator "NA"]
[PlyCount "88"]
[EventDate "2017.??.??"]
[EventCountry "ROU"]
[SourceTitle "playchess.com"]
[Source "ChessBase"]
[SourceQuality "1"]
[TimeControl "40/5400+30:900+30"]

1. d4 Nf6 2. Nf3 e6 3. g3 b5 4. Bg2 Bb7 5. O-O d5 6. Ne5 {[%emt 0:03:51] A46: Damenbauernspiele} (6. Bg5 Nbd7 7. e4 dxe4 8. Nfd2 h6 9. Bxf6 Nxf6 10. Qe2 a6 11. Nxe4 Bxe4 12. Bxe4 Nxe4 13. Qxe4 Qd5 {½-½ (62) Aronian,L (2784)-Dominguez Perez,L (2732) Skopje 2015}) 6... Nbd7 7. f4 c5 8. e3 Qb6 $146 ({Vorgänger:} 8... Bd6 9. b3 b4 10. Bb2 Qc7 11. Nd2 O-O 12. Kh1 Rac8 13. Rc1 Qa5 {0-1 (40) Pujari,R (2114)-Harini,S (2063) Bhubaneswar 2010}) 9. c3 Bd6 10. Kh1 h5 11. h4 Bxe5 12. fxe5 Ng4 13. Bf3 f5 14. b4 cxb4 15. cxb4 g5 16. Nc3 Rc8 17. Qe1 gxh4 18. gxh4 Ndxe5 19. dxe5 Nxe5 20. Qg3 Nxf3 21. Qg6+ Ke7 22. Qg7+ Kd6 23. Rxf3 Rhg8 24. Qf6 Rxc3 25. Qxc3 Qd8 26. Qe1 $2 (26. Qd2 $17 {was the only chance.} Qf6 27. Qh2+ Kd7 28. Bb2) 26... d4 27. e4 Bxe4 28. Bg5 Rxg5 29. hxg5 Bxf3+ 30. Kh2 Qxg5 31. Qg3+ Qxg3+ 32. Kxg3 Bg4 33. Rc1 d3 34. Rc3 Be2 35. Kf2 Kd7 36. Rc5 a6 37. Ke3 f4+ 38. Kd2 Kd6 39. Rc8 e5 40. Rd8+ Ke6 41. Rf8 h4 42. Rh8 e4 43. Rxh4 e3+ 44. Ke1 Bf3 0-1

[Event "Maria Albulet Memorial 2017"]
[Site "Braila"]
[Date "2017.10.12"]
[Round "7"]
[White "Miladinovic, Lena"]
[Black "Aciu, Malina-Andreea"]
[Result "1/2-1/2"]
[ECO "E97"]
[WhiteElo "2138"]
[BlackElo "2006"]
[Annotator "NA"]
[PlyCount "67"]
[EventDate "2017.??.??"]
[EventCountry "ROU"]
[SourceTitle "playchess.com"]
[Source "ChessBase"]
[SourceQuality "1"]
[TimeControl "40/5400+30:900+30"]

1. c4 Nf6 2. Nc3 g6 3. e4 d6 4. Nf3 Bg7 5. d4 O-O 6. Be2 e5 7. O-O Nc6 8. Be3 Ng4 9. Bg5 f6 10. Bc1 f5 11. d5 Ne7 12. Ng5 Nf6 {[%emt 0:03:21] E97: King's Indian: Classical Main Line (6...e5 7 0-0 Nc6): 8 Be3 and 8 d5 Ne7, not 9 Ne1} 13. exf5 Nxf5 14. Nge4 h6 15. Nxf6+ Qxf6 16. Bg4 g5 $146 ({Predecessor:} 16... Qh4 17. g3 Qf6 18. Ne4 Qf7 {0-1 (48) Lenic,L (2538)-Sebenik,M (2465) Ljubljana 2007}) 17. a4 a6 18. Ra3 Bd7 19. Ne4 Qg6 20. Re1 Rad8 21. Bh5 Qh7 22. c5 $11 dxc5 23. Nxc5 Bc8 24. Bg4 b6 25. Ne4 Bb7 26. Rh3 Rxd5 27. Qb3 Nd4 28. Qc4 Qg6 29. Qxc7 Ba8 30. Qc4 b5 31. axb5 axb5 32. Qa2 Nc2 33. Re2 Qa6 34. Ra3 1/2-1/2

[Event "Maria Albulet Memorial 2017"]
[Site "Braila"]
[Date "2017.10.12"]
[Round "7"]
[White "Makropoulou, Marina"]
[Black "Cosman, Andreea-Marioara"]
[Result "1/2-1/2"]
[ECO "B92"]
[WhiteElo "2136"]
[BlackElo "2125"]
[Annotator "NA"]
[PlyCount "29"]
[EventDate "2017.??.??"]
[EventCountry "ROU"]
[SourceTitle "playchess.com"]
[Source "ChessBase"]
[SourceQuality "1"]
[TimeControl "40/5400+30:900+30"]

1. e4 c5 2. Nf3 d6 3. d4 cxd4 4. Nxd4 Nf6 5. Nc3 a6 6. Be2 e5 7. Nf3 h6 8. Nd2 Nc6 9. a4 Be6 10. Nc4 d5 11. exd5 Nxd5 12. Nxd5 Bxd5 $11 13. O-O Bc5 14. Be3 Bxe3 15. Nxe3 1/2-1/2

[Event "Maria Albulet Memorial 2017"]
[Site "Braila"]
[Date "2017.10.12"]
[Round "7"]
[White "Djukic, Sandra"]
[Black "Rakhmangulova, Anastasiya"]
[Result "1/2-1/2"]
[ECO "D07"]
[WhiteElo "2084"]
[BlackElo "2242"]
[Annotator "NA"]
[PlyCount "92"]
[EventDate "2017.??.??"]
[EventCountry "ROU"]
[SourceTitle "playchess.com"]
[Source "ChessBase"]
[SourceQuality "1"]
[TimeControl "40/5400+30:900+30"]

1. d4 d5 2. c4 Nc6 3. Nc3 Nf6 4. Nf3 e6 5. g3 Bb4 6. Bg2 O-O 7. O-O dxc4 8. Qa4 {[%emt 0:00:46] LiveBook: 20 Games E20: Nimzo-Indian: 4 g3 and 4 f3} Bd7 (8... Nd5 9. Qc2 Be7 10. Rd1 b6 11. e4 Ndb4 12. Qe2 Ba6 13. Be3 Na5 14. a3 Nd3 15. b4 Nb3 {½-½ (72) Grandelius,N (2644)-Mareco,S (2650) Linares 2017}) 9. Qc2 a6 $146 ({Predecessor:} 9... Rb8 10. Rd1 Be7 11. e4 b5 12. Qe2 b4 13. d5 Na5 14. dxe6 fxe6 15. Nb1 Qe8 {½-½ (35) Porat,M (2274)-Mascaro March,P (2413) Arinsal 2011}) 10. Rd1 h6 11. Ne5 Be8 12. Nxc6 Bxc6 13. Bxc6 bxc6 14. e4 c5 15. Ne2 Qe8 16. a3 cxd4 17. Rxd4 e5 18. Rxc4 Bd6 19. Kg2 Qe6 20. h3 Rfb8 21. Be3 Rxb2 22. Qd3 Rab8 23. Rac1 Bxa3 24. Rxc7 Rxe2 25. Qxa3 Qb3 ({Black should try} 25... Rb3 $15 26. Rc8+ Kh7) 26. Rc8+ Kh7 27. Qxb3 Rxb3 28. Kf3 Reb2 29. R1c5 Rb5 30. R5c7 Rb8 31. Rxb8 Rxb8 32. Rxf7 Rb4 33. Ra7 Ra4 34. Re7 Rxe4 35. Re6 Ra4 36. Rxe5 Kg6 37. Kg2 Ra2 38. Bb6 Kf7 39. Rc5 Nd7 40. Rc7 Ke6 41. Bd4 g6 42. Rc6+ Kf7 43. Rc7 Ke6 $14 44. Rc6+ Kf7 45. Rc7 Ke6 46. Rc6+ Kf7 1/2-1/2